 Dungeon Crawl Stone Soup version 0.27.1-33-g824d729ab1 (webtiles) character file.

Game seed: 18103540210473996874

672 SensoryNuts the Slasher (level 7, -1/53 HPs)
             Began as a Demonspawn Gladiator on Dec 7, 2021.
             Splashed by a jelly's acid (7 damage)
             ... on level 5 of the Dungeon.
             The game lasted 00:06:49 (2846 turns).

SensoryNuts the Slasher (Demonspawn Gladiator)      Turns: 2846, Time: 00:06:49

Health: -1/53      AC: -2    Str: 22    XL:     7   Next: 32%
Magic:  7/7        EV: 13    Int: 10    God:
Gold:   122        SH:  0    Dex: 14    Spells: 6/6 levels left

rFire    . . .     SeeInvis .   a - +0 long sword
rCold    + . .     Faith    .   (no shield)
rNeg     + + .     Spirit   .   h - +2 leather armour {rC+}
rPois    +         Reflect  .   (helmet restricted)
rElec    .         Harm     .   (no cloak)
rCorr    .         Rampage  .   (no gloves)
Will     .....     Rnd*Rage +   (no boots)
Stlth    ++........             (no amulet)
HPRegen  0.17/turn              k - ring "Caoptexe" {Contam +Blink rPois rN++ Str+6}
MPRegen  0.10/turn              (no ring)

@: corroded
A: horns 1, powered by death 2, sturdy frame 1, berserk 1, high mp 1, wild magic
1
a: Evoke Blink


You were on level 5 of the Dungeon.
You visited 1 branch of the dungeon, and saw 4 of its levels.

You collected 122 gold pieces.

Inventory:

Hand Weapons
 a - a +0 long sword (weapon)
Missiles
 d - 3 throwing nets (quivered)
Armour
 b - a +0 leather armour
 c - a +0 helmet
 h - a +2 leather armour of cold resistance (worn)
Magical Staves
 m - a staff of air
Jewellery
 k - the ring "Caoptexe" (left hand) {Contam +Blink rPois rN++ Str+6}
   (You found it on level 4 of the Dungeon)

   [ring of strength]

   Str:       It affects your strength (+6).
   rPois:     It protects you from poison.
   rN:        It greatly protects you from negative energy.
   +Blink:    It lets you blink.
   Contam:    It causes magical contamination when unequipped.
 l - a ring of flight
Wands
 e - a wand of polymorph (4)
Scrolls
 g - a scroll of identify
 i - a scroll of vulnerability {unknown}


   Skills:
 + Level 3.7 Fighting
 + Level 5.6 Long Blades
 + Level 2.0 Throwing
 + Level 1.7 Armour
 + Level 4.2 Dodging
 + Level 2.0 Stealth


You had 6 spell levels left.
You didn't know any spells.
Your spell library contained the following spells:

 Spells                   Type           Power      Damage    Failure   Level
 Fulminant Prism          Conj/Hex       0%         3d6       99%         4
 Iskenderun's Mystic Bla  Conj/Tloc      0%         2d3       99%         4
 Olgreb's Toxic Radiance  Pois           0%         N/A       99%         4
 Lee's Rapid Deconstruct  Erth           0%         3d5*      100%        5
 Ozocubu's Refrigeration  Ice            0%         4d5       100%        7
 Ignition                 Fire           0%         3d3       100%        8


Dungeon Overview and Level Annotations

Branches:
Dungeon (5/15)
 Temple: D:4-7

Altars:

Shops:
D:4 :


Innate Abilities, Weirdness & Mutations

You have a pair of small horns on your head.
You regenerate health from kills.
Your movements are slightly less encumbered by armour. (ER -2)
You tend to lose your temper in combat.
You have an increased reservoir of magic. (+10% MP)
Your spells are a little harder to cast, but a little more powerful.


Message History

The adder bites you but does no damage. x2
You slash the adder!
You kill the adder!
Your Stealth skill increases to level 2!
Found a stone staircase leading down.
The jelly quivers.
The jelly hits you but does no damage.
You hit the jelly but do no damage. The acid corrodes you!
Your hands burn!
You headbutt the jelly.
The jelly is lightly wounded.
The jelly hits you. The acid corrodes you!
You are splashed with acid!
A howler monkey zombie comes into view.
The jelly hits you.
You are splashed with acid!
You completely miss the jelly.
You headbutt the jelly, but do no damage.
The jelly is lightly wounded.
The jelly hits you.
You are splashed with acid!
You are too injured to fight recklessly!
You are too injured to fight recklessly!
You are too injured to fight recklessly!
You are too injured to fight recklessly!
There are monsters nearby!
There are monsters nearby!
You are too injured to fight recklessly!
You are too injured to fight recklessly!
You hit the jelly but do no damage.
Your hands burn!
You headbutt the jelly, but do no damage.
The jelly is lightly wounded.
The jelly barely misses you.
You riposte.
You hit the jelly but do no damage.
The jelly is lightly wounded.
You hit the jelly.
Your hands burn!
The jelly is lightly wounded.
The jelly hits you.
You are splashed with acid!
* * * LOW HITPOINT WARNING * * *
You completely miss the jelly. You headbutt the jelly.
The jelly is moderately wounded.
The jelly hits you.
* * * LOW HITPOINT WARNING * * *
You are splashed with acid!
You die...

.......$...####......
.....####..........##
...... #..#####....####
######.###..............
# #........#.........
#......##...........
#......###..........
#.....###........... ##
#.....#....#@..Z.... .
......#.#....#.J......
##..........####........
...#. #... #........
..... #.. #........ ....
... ..#####>. .w# ..# .
...


You could see a jelly and a howler monkey zombie.

Vanquished Creatures
  Eustachio (D:4)
  A centaur (D:5)
  A phantom (D:5)
  A scorpion (D:4)
  A bullfrog zombie (D:5)
  2 hounds (D:4)
  An orc priest (D:4)
  A bullfrog skeleton (D:4)
  Natasha (twice) (D:4)
  An orc wizard (D:4)
  4 adders
  An ufetubus (D:4)
  An adder skeleton (D:4)
  A worm (D:2)
  3 dart slugs
  8 orcs
  4 ball pythons
  2 endoplasms
  3 giant cockroaches (D:2)
  A kobold (D:2)
  2 quokkas (D:4)
  3 goblins
  A rat (D:2)
46 creatures vanquished.

Notes
Turn   | Place    | Note
-------+----------+-------------------------------------------
     0 | D:1      | SensoryNuts the Demonspawn Gladiator began the quest for
                  | the Orb.
     0 | D:1      | Reached XP level 1. HP: 16/16 MP: 1/1
    88 | D:1      | You fall into a shaft and drop 1 floor!
    97 | D:2      | Gained mutation: You have a pair of small horns on your
                  | head. [demonic ancestry]
    97 | D:2      | Reached XP level 2. HP: 12/22 MP: 2/2
   106 | D:2      | Reached skill level 3 in Long Blades
   604 | D:2      | Gained mutation: You regenerate a little health from kills.
                  | [demonic ancestry]
   604 | D:2      | Reached XP level 3. HP: 24/28 MP: 3/3
   799 | D:2      | You fall into a shaft and drop 2 floors!
   799 | D:4      | Found Geczeg's Book Boutique.
   922 | D:4      | Reached skill level 1 in Armour
   922 | D:4      | Gained mutation: Your movements are slightly less
                  | encumbered by armour. (ER -2) [demonic ancestry]
   922 | D:4      | Reached XP level 4. HP: 25/34 MP: 4/4
  1140 | D:4      | Noticed a scorpion
  1147 | D:4      | Gained mutation: You regenerate health from kills. [demonic
                  | ancestry]
  1147 | D:4      | Reached XP level 5. HP: 35/39 MP: 5/5
  1155 | D:4      | Reached skill level 4 in Long Blades
  1255 | D:4      | Noticed Eustachio
  1390 | D:4      | Identified the ring "Caoptexe" {Contam +Blink rPois rN++
                  | Str+6}
  1394 | D:4      | Killed Eustachio
  1395 | D:4      | Reached skill level 1 in Stealth
  1395 | D:4      | Reached XP level 6. HP: 25/47 MP: 6/6
  1669 | D:4      | Noticed Natasha
  2035 | D:4      | Killed Natasha
  2247 | D:4      | Noticed Natasha
  2256 | D:4      | Killed Natasha
  2257 | D:4      | Reached skill level 5 in Long Blades
  2367 | D:5      | Entered Level 5 of the Dungeon
  2428 | D:5      | Gained mutation: You tend to lose your temper in combat.
                  | [potion of mutation]
  2428 | D:5      | Gained mutation: You are strong-willed. (Will+) [potion of
                  | mutation]
  2428 | D:5      | Gained mutation: You sometimes lose the ability to read
                  | scrolls when taking damage. [potion of mutation]
  2444 | D:5      | Reached XP level 7. HP: 23/52 MP: 7/7
  2453 | D:5      | Lost mutation: You are strong-willed. (Will+) [potion of
                  | mutation]
  2453 | D:5      | Lost mutation: You sometimes lose the ability to read
                  | scrolls when taking damage. [potion of mutation]
  2453 | D:5      | Gained mutation: You have an increased reservoir of magic.
                  | (+10% MP) [potion of mutation]
  2453 | D:5      | Gained mutation: Your spells are a little harder to cast,
                  | but a little more powerful. [potion of mutation]
  2846 | D:5      | Splashed by a jelly's acid

Illustrated notes

Levels and vault maps discovered:
D:1:      co_arrival_random_square_maze, layout_rooms,
          shapermc_ecumenical_altar_pompeii
D:2:      kennysheep_big_flooded_room, layout_loops_corners, basic_altar,
          minmay_crystal_room, minivault_4, minmay_tetromino_o4
D:4:      layout_basic, serial_shops, nicolae_shop_stone, minmay_pentomino_pile,
          uniq_natasha, uniq_eustachio
D:5:      layout_rooms, biasface_ghost_orc_armoury

Skill      XL: |  1  2  3  4  5  6  7 |
---------------+----------------------+-----
Long Blades    | 3 4 5 |  5.6
Dodging        | 3 4 |  4.2
Throwing       | 2 |  2.0
Armour         | 1 |  1.7
Fighting       | 3 |  3.7
Stealth        | 1 2 |  2.0

Action                   |  1- 3 |  4- 6 |  7- 9 || total
-------------------------+-------+-------+-------++-------
Melee: Long sword        |    33 |   131 |    16 ||   180
       Headbutt          |     9 |    28 |     6 ||    43
  Use: Potion            |     2 |     4 |     1 ||     7
       Scroll            |       |     6 |       ||     6
 Stab: Sleeping          |       |     6 |     2 ||     8
Armor: Leather armour    |    13 |    54 |    10 ||    77
Dodge: Dodged            |    35 |   125 |    13 ||   173
       Rpst.: Long sword |    14 |    32 |     1 ||    47
